 Dungeon Crawl Stone Soup version 0.32-a0-471-gb91d5d9764 (webtiles) character file.

Game seed: 8955622274421022385

415 Goblin1989 the Sneak (level 6, -1/48 HPs)
             Began as a Demonspawn Delver on Feb 25, 2024.
             Incinerated by a bombardier beetle (6 damage)
             ... with a burning spray
             ... on level 5 of the Dungeon.
             The game lasted 00:07:40 (2749 turns).

Goblin1989 the Sneak (Demonspawn Delver)            Turns: 2749, Time: 00:07:41

Health: -1/48      AC: 14    Str:  9 (12) XL:     6   Next: 60%
Magic:  6/6        EV: 11    Int:  8 (11) God:
Gold:   252        SH:  8    Dex: 15 (16) Spells: 5/5 levels left

rFire   . . .        r - +0 rapier
rCold   . . .        t - +0 kite shield
rNeg    . . .        B - +6 scale mail of the Lost Path {Regen+}
rPois   .            x - +0 helmet
rElec   .            (no cloak)
rCorr   .            (no gloves)
SInv    .            (no boots)
Will    .....        (no amulet)
Stlth   +            s - +5 ring of evasion
HPRegen 1.08/turn    (no ring)
MPRegen 0.10/turn

%: no passive effects
@: on fire, glowing
A: spiny 2, sharp scales 1
a: no special abilities


You were on level 5 of the Dungeon.
You visited 1 branch of the dungeon, and saw 5 of its levels.

You collected 252 gold pieces.

Inventory:

Hand Weapons
 r - a +0 rapier (weapon)
 w - a +2 dagger of flaming
 y - a +1 dagger of venom
Armour
 i - the +0 scale mail of Feral Fun {rElec rC+ Str+4}
   (You found it on level 2 of the Dungeon)

   Str+4:     It affects your strength (+4).
   rC+:       It protects you from cold.
   rElec:     It insulates you from electricity.
 p - a +0 troll leather armour {Pargi}
 t - a +0 kite shield (worn)
 x - a +0 helmet (worn)
 B - the +6 scale mail of the Lost Path (worn) {Regen+}
   (You found it on level 5 of the Dungeon)

   Regen+:    It increases your rate of health regeneration.
Jewellery
 s - a +5 ring of evasion (left hand)
Wands
 g - a wand of digging (3) {@v3}
 z - a wand of flame (26) {@v1}
Scrolls
 c - a scroll of fog
 d - 3 scrolls of revelation
 e - a scroll of fear
 h - a scroll of vulnerability {unknown}
 j - a scroll of enchant armour {unknown}
 k - 4 scrolls of identify {unknown}
 l - a scroll of brand weapon {unknown}
 m - a scroll of amnesia {unknown}
 n - a scroll of blinking {unknown}
 u - a scroll of teleportation {unknown}
 A - 3 scrolls of silence {unknown}
Potions
 f - a potion of haste {@q3,}
 o - a potion of degeneration
 q - a potion of invisibility {unknown}
 v - a potion of curing {unknown}


   Skills:
 + Level 4.2 Fighting
 * Level 4.2 Short Blades
 + Level 2.3 Armour
 + Level 3.2 Dodging
 - Level 4.6 Stealth
 + Level 1.0 Shields


You had 5 spell levels left.
You didn't know any spells.
Your spell library contained the following spells:

 Spells                   Type           Power      Damage    Failure   Level
 Lesser Beckoning         Tloc           0%         N/A       100%        2
 Mercury Vapours          Alch/Air       0%         N/A       100%        2
 Gell's Gravitas          Tloc           0%         N/A       100%        3
 Mephitic Cloud           Conj/Alch/Air  0%         N/A       100%        3
 Teleport Other           Tloc           0%         N/A       100%        3
 Freezing Cloud           Conj/Ice/Air   0%         6-21      100%        5


Dungeon Overview and Level Annotations

Branches:
Dungeon (5/15) Zot: 24354
 Temple: D:4-7

Altars:
Makhleb
Qazlal


Innate Abilities, Weirdness & Mutations

You are mostly covered in sharp spines.
You are partially covered in razor-sharp scales. (AC +1, Slay +1)


Message History

The bombardier beetle sprays incendiary fluid at you.
The burning spray hits you.
You are covered in liquid fire!
Found a scroll labelled NIRUGE YBUDDE and a long sword.
You shake off some of the fire as you move.
The liquid fire burns you!
You take 1 damage, and have 47/48 hp.
You shake off the liquid fire.
The bombardier beetle sprays incendiary fluid at you.
The burning spray hits you.
You are covered in liquid fire!
Health restored: 48 You shake off some of the fire as you move.
The liquid fire burns you!
You take 2 damage, and have 46/48 hp.
You shake off some of the fire as you move.
The liquid fire burns you!
The bombardier beetle is struck by your spines.
The bombardier beetle bites you but does no damage.
You take 1 damage, and have 45/48 hp.
You completely miss the bombardier beetle.
The bombardier beetle is lightly wounded.
The liquid fire burns you!
The bombardier beetle sprays incendiary fluid at you.
The burning spray hits you.
You are even more covered in liquid fire!
You take 2 damage, and have 43/48 hp.
You barely miss the bombardier beetle.
The bombardier beetle is lightly wounded.
The liquid fire burns you!
You take 1 damage, and have 42/48 hp.
You hit the bombardier beetle but do no damage.
The bombardier beetle is lightly wounded.
The liquid fire burns you!
The bombardier beetle sprays incendiary fluid at you.
You block the burning spray.
You take 3 damage, and have 39/48 hp.
You hit the bombardier beetle.
The bombardier beetle is lightly wounded.
The liquid fire burns you!
You block the bombardier beetle's attack.
You take 4 damage, and have 35/48 hp.
You hit the bombardier beetle but do no damage.
The bombardier beetle is lightly wounded.
The liquid fire burns you!
The bombardier beetle bites you but does no damage.
You take 5 damage, and have 30/48 hp.
You hit the bombardier beetle but do no damage.
The bombardier beetle is lightly wounded.
The liquid fire burns you!
You take 3 damage, and have 27/48 hp.
You hit the bombardier beetle but do no damage.
The bombardier beetle is lightly wounded.
The liquid fire burns you!
The bombardier beetle sprays incendiary fluid at you.
You block the burning spray.
You take 2 damage, and have 25/48 hp.
You closely miss the bombardier beetle.
The bombardier beetle is lightly wounded.
The liquid fire burns you!
* * * LOW HITPOINT WARNING * * *
The bombardier beetle sprays incendiary fluid at you.
The burning spray hits you.
You are even more covered in liquid fire!
You take 3 damage, and have 22/48 hp.
You closely miss the bombardier beetle.
The bombardier beetle is lightly wounded.
The liquid fire burns you!
* * * LOW HITPOINT WARNING * * *
You take 2 damage, and have 20/48 hp.
You hit the bombardier beetle.
The bombardier beetle is moderately wounded.
The liquid fire burns you!
* * * LOW HITPOINT WARNING * * *
The bombardier beetle is struck by your spines.
The bombardier beetle bites you.
* * * LOW HITPOINT WARNING * * *
You take 6 damage, and have 14/48 hp.
You barely miss the bombardier beetle.
The bombardier beetle is heavily wounded.
The liquid fire burns you!
* * * LOW HITPOINT WARNING * * *
The bombardier beetle barely misses you.
You take 3 damage, and have 11/48 hp.
You hit the bombardier beetle.
The bombardier beetle is severely wounded.
The liquid fire burns you!
* * * LOW HITPOINT WARNING * * *
The bombardier beetle is struck by your spines.
The bombardier beetle barely misses you.
You take 2 damage, and have 9/48 hp.
You hit the bombardier beetle.
You kill the bombardier beetle!
The liquid fire burns you!
* * * LOW HITPOINT WARNING * * *
You take 4 damage, and have 5/48 hp.
It was a potion of degeneration.
There was something very wrong with that liquid.
You feel weakened.
You feel dopey.
You feel clumsy. The liquid fire burns you!
You die...

..███....█..███
..█E███.█.....█████ ▲
..███ █.██..████..█
.▲ ...
███.....████..██..█
...
█........█........
██.....██..^.........
.████...█.....█..
██..███...██
█......█@.█
██....?██†..)...
...███.██ ....... ...
█. .....██ █. ...███
.. ..██ .. ... ..█


There were no monsters in sight!

Vanquished Creatures
  Pargi (D:3)
  2 scorpions
  A bombardier beetle (D:5)
  Robin (D:4)
  3 gnolls (D:2)
  2 adders (D:2)
  2 ufetubi (D:5)
  2 ribbon worms
  2 dart slugs
  5 orcs
  10 bats
  3 endoplasms
  2 giant cockroaches (D:1)
  14 goblins
  6 hobgoblins
  5 jackals
  5 quokkas
  3 ball pythons
  5 frilled lizards
  8 kobolds
  A rat (D:2)
83 creatures vanquished.

Notes
Turn   | Place    | Note
-------+----------+-------------------------------------------
     0 | D:5      | Goblin1989 the Demonspawn Delver began the quest for the
                  | Orb.
     0 | D:5      | Reached XP level 1. HP: 18/18 MP: 1/1
    34 | D:4      | Noticed Robin
    92 | D:2      | Identified the +0 scale mail of Feral Fun {rElec rC+ Str+4}
   200 | D:1      | Gained mutation: You are partially covered in sharp spines.
                  | [demonic ancestry]
   200 | D:1      | Reached XP level 2. HP: 24/24 MP: 2/2
   367 | D:1      | Reached XP level 3. HP: 29/29 MP: 3/3
   938 | D:2      | Reached skill level 1 in Armour
  1073 | D:2      | Gained mutation: You are mostly covered in sharp spines.
                  | [demonic ancestry]
  1073 | D:2      | Reached XP level 4. HP: 35/35 MP: 4/4
  1224 | D:2      | Found a faded altar of an unknown god.
  1453 | D:3      | Noticed Pargi
  1468 | D:3      | Killed Pargi
  1469 | D:3      | Reached XP level 5. HP: 33/42 MP: 5/5
  1588 | D:3      | Found a burning altar of Makhleb.
  2179 | D:4      | Gained mutation: You are partially covered in razor-sharp
                  | scales. (AC +1, Slay +1) [demonic ancestry]
  2179 | D:4      | Reached XP level 6. HP: 43/48 MP: 6/6
  2334 | D:4      | Killed Robin
  2633 | D:5      | Noticed a yak
  2649 | D:5      | Identified the +6 scale mail of the Lost Path {Regen+}
  2705 | D:5      | Reached skill level 1 in Shields
  2706 | D:5      | Noticed an air elemental
  2708 | D:5      | Found a stormy altar of Qazlal.
  2710 | D:5      | Noticed a water elemental
  2711 | D:5      | Noticed a fire elemental
  2749 | D:5      | Incinerated by a bombardier beetle

Illustrated notes

Levels and vault maps discovered:
D:1:      sevenhm_arrival_forest_fort_small_1, layout_basic,
          minmay_misc_feat_four_crosses, kennysheep_doodads
D:2:      layout_rooms, hellmonk_ecumenical_altar_slurped_away
D:3:      layout_rooms, mainiacjoe_overflow_alcove_2, serial_corexii_hall,
          chequers_hall_statues_wall_a, chequers_hall_statues_y,
          roderic_roman_lattice, kennysheep_generic_room_14, uniq_pargi
D:4:      layout_rooms, minmay_misc_feat_nine_boxes, uniq_robin
D:5:      layout_cave_pools, nicolae_ru_great_annihilating_truth,
          nicolae_qazlal_style_of_elements, serial_shops,
          nicolae_shop_tiny_real_fake_doors

Skill      XL: |  1  2  3  4  5  6 |
---------------+-------------------+-----
Short Blades   | 2 3 4 |  4.2
Dodging        | 2 3 |  3.2
Armour         | 1 2 |  2.3
Fighting       | 4 |  4.2
Shields        | 1 |  1.0
Stealth        | |  4.6

Action                     |  1- 3 |  4- 6 || total
---------------------------+-------+-------++-------
  Melee: Short sword       |   106 |    38 ||   144
         Rapier            |       |    68 ||    68
    Use: Potion            |       |     1 ||     1
   Stab: Sleeping          |     9 |     2 ||    11
 Armour: Leather armour    |    10 |       ||    10
         Scale mail        |    50 |    47 ||    97
         Troll leather arm |       |    17 ||    17
  Dodge: Dodged            |    48 |    43 ||    91
  Block: Kite shield       |       |    30 ||    30

Table legend: (Time is in decaauts)
 A = Elapsed time spent in this place.
 B = Non-inter-level travel time spent in this place.
 C = Inter-level travel time spent in this place.
 D = Time resting spent in this place.
 E = Time spent auto-exploring this place.
 F = Levels seen in this place.
 G = Mean time per level.
                   A        B        C        D        E       F      G
               +--------+--------+--------+--------+--------+-----+--------+
         Total |   2746 |   2620 |    126 |      0 |   1862 |   5 |  549.2 |
       Dungeon |   2746 |   2620 |    126 |      0 |   1862 |   5 |  549.2 |
               +--------+--------+--------+--------+--------+-----+--------+

Top non-repeatable levels by time:
     D:1: 721 daAuts
     D:3: 698 daAuts
     D:2: 624 daAuts
     D:4: 554 daAuts
     D:5: 147 daAuts
